 Dungeon Crawl Stone Soup version 0.15-a0-2193-g309c75d (webtiles) character file.

118976 Ololoev the Eclecticist (level 16, 0/117 HPs)
             Began as a Demonspawn Wizard on July 21, 2014.
             Was the Champion of Vehumet.
             Slain by a harpy (18 damage)
             ... summoned by Kirke
             ... on Level 1 of the Swamp on July 22, 2014.
             The game lasted 04:02:27 (36112 turns).

Ololoev the Eclecticist (Demonspawn Wizard)        Turns: 36112, Time: 04:02:29

HP   0/117       AC 13     Str 11      XL: 16   Next: 26%
MP   0/37        EV 15     Int 29      God: Vehumet [******]
Gold 2636        SH  4     Dex 12      Spells:  9 memorised,  7 levels left

rFire  + . .     SeeInvis .     j - +2 long sword "Schesogod" {slice, rPois}
rCold  . . .     Clarity  .     t - +2 robe {Archmagi}
rNeg   . . .     rCorr    .     o - +0 buckler
rPois  +         rRot     +     b - +0 hat
rElec  .         Spirit   +     O - +2 cloak
SustAb .         Warding  .     i - +0 pair of gloves
rMut   .         Stasis   .     z - +0 pair of boots
Gourm  .                        S - amulet of the Dolphin {Faith Str+3 Int+3}
MR     +....                    n - ring of protection from fire
                                g - ring of wizardry

@: somewhat resistant to hostile enchantments, unstealthy
A: hooves 2, iridescent scales 1, magic shield, magic regeneration, magic link,
rot immunity
a: Renounce Religion


You were on level 1 of the Swamp.
You worshipped Vehumet.
Vehumet was exalted by your worship.
You were not hungry.

You visited 6 branches of the dungeon, and saw 29 of its levels.
You also visited: Ossuary, Ice Cave and Volcano.

You collected 3329 gold pieces.
You spent 693 gold pieces at shops.

Inventory:

Hand weapons
 j - the +2 long sword "Schesogod" (weapon) {slice, rPois}
   (You found it on level 11 of the Dungeon)

   It inflicts extra damage upon your enemies.
   It protects you from poison.
 D - the +1 cutlass "Dosteg" {elec, rN+ MR++}
   (You found it on level 1 of the Lair of Beasts)

   Occasionally, upon striking a foe, it will discharge some electrical energy
   and cause terrible harm.
   It protects you from negative energy.
   It affects your resistance to hostile enchantments.
Armour
 b - a +0 hat (worn)
 i - a +0 pair of gloves (worn)
 o - a +0 buckler (worn)
 t - a +2 robe of the Archmagi (worn)
 z - a +0 pair of boots (worn)
 O - a +2 cloak (worn)
Magical devices
 x - a wand of digging (6)
 R - a wand of hasting (6)
Comestibles
 d - 12 bread rations
 r - a rotting chunk of swamp worm flesh
 A - a chunk of water moccasin flesh
 G - 2 royal jellies
 L - 4 meat rations
 P - 26 fruits
Scrolls
 e - 3 scrolls of magic mapping
 l - 6 scrolls of teleportation
 w - a scroll of amnesia
 y - 4 scrolls of immolation
 B - 3 scrolls of recharging
 E - 5 scrolls of remove curse
 F - 2 scrolls of enchant armour
 I - 3 scrolls of enchant weapon
 M - 5 scrolls of fog
 N - 5 scrolls of identify
Jewellery
 g - a ring of wizardry (left hand)
 n - a ring of protection from fire (right hand)
 u - an uncursed ring of protection from cold
 S - the amulet of the Dolphin (around neck) {Faith Str+3 Int+3}
   (You found it in an ice cave)

   [amulet of faith]

   It allows you to gain divine favour quickly.
   It affects your strength (+3).
   It affects your intelligence (+3).
 T - the ring "Nekaegh" {+Fly Dex+2 Int+2}
   (You bought it in a shop on level 1 of the Elven Halls)

   [ring of flight]

   It affects your intelligence (+2).
   It affects your dexterity (+2).
   It lets you fly.
Potions
 a - a potion of might
 f - 6 potions of brilliance
 h - 5 potions of agility
 m - 3 potions of flight
 p - 4 potions of curing
 s - 2 potions of cancellation
 v - 2 potions of resistance
 C - a potion of cure mutation
 H - 3 potions of haste
 J - a potion of invisibility
 V - a potion of beneficial mutation
Books
 c - a book of Minor Magic

   Spells                             Type                      Level
   *Magic Dart                        Conjuration                  1
   Blink                              Translocation                2
   Call Imp                           Summoning                    2
   *Repel Missiles                    Charms/Air                   2
   Slow                               Hexes                        2
   Conjure Flame                      Conjuration/Fire             3
   Mephitic Cloud                     Conjuration/Poison/Air       3
 k - a book of Clouds

   Spells                             Type                      Level
   Mephitic Cloud                     Conjuration/Poison/Air       3
   Conjure Flame                      Conjuration/Fire             3
   Poisonous Cloud                    Conjuration/Poison/Air       6
   Freezing Cloud                     Conjuration/Ice/Air          6
   Ring of Flames                     Charms/Fire                  7
 q - a book of Geomancy

   Spells                             Type                      Level
   Sandblast                          Earth                        1
   Stoneskin                          Transmutation/Earth          2
   Passwall                           Transmutation/Earth          3
   Stone Arrow                        Conjuration/Earth            3
   Petrify                            Transmutation/Earth          4
   Lee's Rapid Deconstruction         Earth                        5


   Skills:
 - Level 8.0 Fighting
 - Level 4.0 Short Blades
 - Level 8.0 Dodging
 - Level 1.7 Stealth
 - Level 2.1 Shields
 - Level 15.1 Spellcasting
 * Level 13.2 Conjurations
   Level 1.0 Summonings
 - Level 0.8 Translocations
 * Level 13.1 Fire Magic
 + Level 7.8 Earth Magic


You had 7 spell levels left.
You knew the following spells:

 Your Spells              Type           Power        Failure   Level  Hunger
a - Magic Dart            Conj           ####         0%          1    None
b - Bolt of Fire          Conj/Fire      #######...   1%          6    ###....
c - Orb of Destruction    Conj           #######...   1%          7    #####..
e - Repel Missiles        Chrm/Air       ####..       1%          2    None
f - Iron Shot             Conj/Erth      #######...   1%          6    ###....
g - Fireball              Conj/Fire      #######...   1%          5    None
h - Delayed Fireball      Conj/Fire      N/A          1%          7    #####..
j - Control Teleport      Chrm/Tloc      #####.....   9%          4    None
k - Bolt of Magma         Conj/Fire/Erth #######...   1%          5    None


Dungeon Overview and Level Annotations

Branches:
Dungeon (12/15)            Temple (1/1) D:4             Orc (4/4) D:12
    Elf (3/3) Orc:4          Lair (8/8) D:10          Swamp (1/5) Lair:3
  Snake (0/5) Lair:3        Slime (0/6) Lair:8

Altars:
Ashenzari
Cheibriados
Dithmenos
Elyvilon
Fedhas
Gozag
Kikubaaqudgha
Makhleb
Nemelex Xobeh
Okawaru
Qazlal
Sif Muna
Trog
Vehumet
Xom
Yredelemnul
Zin
The Shining One
Beogh
Jiyva

Shops:
D:4 [   D:6 :   D:8 ?   Orc:4 :((!   Elf:1 *   Elf:2 %

Portals:
Bazaar: D:12

Annotations:
Swamp:1 Kirke


Innate Abilities, Weirdness & Mutations

You have hoof-like feet.
You are partially covered in iridescent scales (AC +4).
When hurt, damage is shared between your health and your magic reserves.
You regenerate magic rapidly.
When low on magic, you restore magic in place of health.
You are immune to rotting.


Message History

You feel powerful.
Your ring of wizardry unmelds from your body.
g - a ring of wizardry (left hand)
Your ring of protection from fire unmelds from your body.
n - a ring of protection from fire (right hand)
The harpy claws you but does no damage. The harpy claws you.
Read which item? (? for menu, Esc to quit)
Okay, then.
Casting: Orb of Destruction
Confirm with . or Enter, or press ? or * to list all spells.
Aiming: Fireball
Press: ? - help, Shift-Dir - straight line You feel a surge of power!
The tree smolders and burns.
The fireball explodes!
The fireball engulfs the harpy.
The harpy is almost dead.
The fireball engulfs the harpy.
The harpy is almost dead.
The harpy is engulfed in a cloud of scalding steam.
The harpy misses you. The harpy closely misses you. The harpy claws you!!
You die...

♣...≈≈≈≈..♣♣♣♣.≈≈≈.♣.≈≈.
♣≈......≈≈.♣♣♣♣....≈.≈≈♣
♣.......≈≈..♣♣♣.....≈≈♣♣
♣.≈≈....§≈......≈≈≈♣♣♣♣♣
♣≈≈≈.♣...(......≈≈≈♣♣♣.≈
♣♣♣♣♣≈.....≈...♣.≈≈.....
♣♣§......≈≈§≈≈.♣.≈≈.≈≈≈.
♣♣.....♣..≈≈≈≈≈≈♣≈≈≈≈♣<..
♣.≈≈%.§H@≈≈≈≈≈.♣♣≈.≈♣♣♣..
♣.≈≈.>§H...≈♣♣♣♣♣♣♣♣♣....
♣♣...≈.♣♣♣§♣♣ ♣≈.≈≈.
♣≈.≈≈≈≈.♣♣♣♣♣ ♣.≈≈≈.
♣♣.≈≈≈≈H.≈§≈♣♣♣♣♣ ♣≈≈♣♣♣
♣.≈≈..........≈♣♣ ♣♣♣♣ ♣
♣.≈≈.≈.≈≈≈.....≈♣ ♣
♣.≈≈...≈≈≈≈≈≈...♣♣♣♣♣♣♣♣
♣≈.)....≈..≈.........≈≈.


You could see 2 harpies.

Vanquished Creatures
  A deep elf blademaster (Elf:3)
  The ghost of vYxOr the Bludgeoner, a powerful MiFi of Okawaru (Orc:4)
  A deep elf annihilator (Elf:3)
  Snorg (Orc:2)
  2 deep elf death magi
  A deep elf high priest (Elf:3)
  Erica (D:11)
  7 hydras
  8 death yaks
  An orc high priest (Orc:4)
  9 deep elf knights
  The ghost of tabulaattori the Ruffian, an experienced MiMo (D:7)
  3 hill giants
  8 deep elf summoners
  2 ice statues (IceCv)
  A swamp dragon (Swamp:1)
  A lindwurm (Orc:2)
  Erolcha (Orc:2)
  Pikel (D:7)
  6 deep elf conjurers
  A manticore (Volcano)
  8 orc sorcerers
  A centaur zombie (D:11)
  A cyclops (D:11)
  The ghost of KaKa the Ruinous, an experienced OpFE (D:5)
  Maurice (Orc:3)
  16 elephants
  15 spiny frogs
  3 torpor snails
  2 molten gargoyles (Volcano)
  8 black mambas
  A queen ant (Lair:8)
  2 feature mimics
  Psyche (D:9)
  A gargoyle (D:11)
  13 komodo dragons
  2 item mimics
  A wandering mushroom (Lair:5)
  3 fire drakes
  7 deep elf priests
  A spriggan druid (Lair:8)
  A queen bee (D:10)
  7 polar bears
  2 trolls
  15 blink frogs
  Prince Ribbit (D:5)
  A griffon zombie (D:10)
  A two-headed ogre (D:9)
  6 basilisks
  12 spriggans (Lair:8)
  A wyvern (D:9)
  4 slime creatures (D:12)
  10 redbacks
  13 deep elf magi
  76 yaks
  4 hogs (Swamp:1)
  15 vampire mosquitoes
  Grum (D:9)
  17 ugly things
  A fire bat (Volcano)
  A mottled dragon (Volcano)
  19 deep elf fighters
  7 wargs
  2 nagas (Lair:3)
  20 soldier ants (Lair:8)
  8 hippogriffs
  17 wolves
  7 swamp worms (Swamp:1)
  A hell hound (Volcano)
  14 water moccasins
  A tengu skeleton (D:12)
  12 orc warriors
  6 yellow wasps (Lair:8)
  10 ice beasts
  2 swamp drakes (Swamp:1)
  17 porcupines
  4 slaves (D:7)
  3 necrophages
  4 sky beasts
  2 phantoms
  6 black bears
  11 ogres
  4 boring beetles
  3 centaurs
  Sigmund (D:3)
  Duvessa (D:9)
  The ghost of SkaryMonk the Scratcher, an average FeTm (D:4)
  A big kobold (D:10)
  23 crocodiles
  Blork the orc (D:5)
  16 giant frogs
  A gnoll sergeant (D:6)
  26 killer bees
  4 scorpions
  Dowan (D:9)
  7 crimson imps
  2 goliath beetles
  An electric eel (D:10)
  2 bog bodies (Ossuary)
  4 lava snakes (Volcano)
  16 hounds
  3 jellies
  Crazy Yiuf (D:3)
  13 orc priests
  2 giant frog skeletons (D:11)
  28 worker ants
  51 orc wizards
  15 iguanas
  51 sheep
  A sky beast zombie (Ossuary)
  An ogre skeleton (D:8)
  A hound zombie (Ossuary)
  A hound skeleton (D:6)
  13 mummies
  An orc zombie (D:9)
  9 gnolls
  22 adders
  91 green rats
  A scorpion zombie (Ossuary)
  A worker ant zombie (D:10)
  An inept feature mimic (D:3)
  3 shadow imps
  2 giant mites
  7 worms
  An adder zombie (Ossuary)
  2 adder skeletons
  7 giant geckos
  2 oozes
  178 orcs
  15 bats
  4 bat zombies
  2 giant cockroaches (D:5)
  13 goblins
  19 hobgoblins
  9 jackals
  A ball python (D:7)
  A giant mite zombie (Ossuary)
  9 giant newts
  2 goblin zombies (Ossuary)
  2 hobgoblin zombies (Ossuary)
  12 kobolds
  A kobold zombie (Ossuary)
  15 quokkas
  A quokka skeleton (D:4)
  3 quokka zombies (Ossuary)
  14 rats
  A rat skeleton (D:4)
  A rat zombie (Ossuary)
  3 butterflies
  13 fungi
  6 plants
1279 creatures vanquished.

Vanquished Creatures (collateral kills)
  Eustachio (D:5)
  2 killer bees (D:10)
  A crimson imp (D:5)
  An adder (D:2)
  A hobgoblin (D:2)
  A jackal (D:1)
  A kobold (D:1)
  A rat (D:5)
9 creatures vanquished.

Vanquished Creatures (others)
  A fire drake (Volcano)
  A lost soul (Elf:3)
  3 crimson imps
  A shadow imp (D:7)
  A white imp (D:5)
  A quokka (D:5)
  8 fungi
  A plant (Lair:7)
17 creatures vanquished.

Grand Total: 1305 creatures vanquished

Notes
Turn   | Place    | Note
--------------------------------------------------------------
     0 | D:1      | Ololoev, the Demonspawn Wizard, began the quest for the Orb.
     0 | D:1      | Reached XP level 1. HP: 13/13 MP: 4/4
   517 | D:1      | Gained mutation: When hurt, damage is shared between your health and your magic reserves. [demonic ancestry]
   517 | D:1      | Reached XP level 2. HP: 19/19 MP: 4/6
   540 | D:1      | Learned a level 2 spell: Call Imp
  1365 | D:2      | Reached XP level 3. HP: 21/24 MP: 0/8
  1478 | D:2      | Found a basalt altar of Yredelemnul.
  1582 | D:2      | Reached skill level 4 in Spellcasting
  2136 | D:3      | Learned a level 3 spell: Mephitic Cloud
  2140 | D:3      | Learned a level 3 spell: Conjure Flame
  2178 | D:3      | Found an iron altar of Okawaru.
  2441 | D:3      | Reached XP level 4. HP: 20/30 MP: 0/11
  2586 | D:3      | Found a snail-covered altar of Cheibriados.
  3179 | D:3      | Noticed Sigmund
  3226 | D:3      | Killed Sigmund
  3226 | D:3      | Reached skill level 5 in Spellcasting
  3226 | D:3      | Gained mutation: You have large cloven feet. [demonic ancestry]
  3226 | D:3      | Reached XP level 5. HP: 15/35 MP: 1/15
  3736 | D:3      | Noticed Crazy Yiuf
  3749 | D:3      | Killed Crazy Yiuf
  4036 | D:4      | Noticed SkaryMonk's ghost (average FeTm)
  4039 | D:4      | Reached skill level 6 in Spellcasting
  4048 | D:4      | Killed SkaryMonk's ghost
  4048 | D:4      | Gained mutation: You are partially covered in iridescent scales (AC +4). [demonic ancestry]
  4048 | D:4      | Reached XP level 6. HP: 41/41 MP: 4/19
  4097 | D:4      | Found a deep blue altar of Sif Muna.
  4097 | D:4      | Found a blossoming altar of Fedhas.
  4235 | D:4      | Noticed an ogre
  4276 | D:4      | Killed an ogre
  4386 | D:4      | Found Usaumuq's Armour Shoppe.
  4520 | D:4      | Reached skill level 7 in Spellcasting
  4633 | D:4      | Found a staircase to the Ecumenical Temple.
  4641 | Temple   | Entered the Ecumenical Temple
  4749 | Temple   | Became a worshipper of Vehumet
  4872 | D:4      | Reached skill level 1 in Fire Magic
  5127 | D:4      | Reached XP level 7. HP: 44/46 MP: 14/21
  5272 | D:5      | Entered Level 5 of the Dungeon
  5288 | D:5      | Noticed Eustachio
  5312 | D:5      | Noticed KaKa's ghost (experienced OpFE)
  5559 | D:5      | Found a glowing silver altar of Zin.
  5624 | D:5      | Killed Eustachio
  5829 | D:5      | Noticed Prince Ribbit
  5860 | D:5      | Killed Prince Ribbit
  6551 | D:5      | Killed KaKa's ghost
  6551 | D:5      | Gained mutation: You regenerate magic rapidly. [demonic ancestry]
  6551 | D:5      | Reached XP level 8. HP: 6/52 MP: 0/23
  6551 | D:5      | HP: 1/52 [burnt (5)]
  6857 | D:5      | Found a shimmering altar of Xom.
  6858 | D:5      | Found a burning altar of Makhleb.
  6940 | D:5      | Acquired Vehumet's first power
  6940 | D:5      | Offered knowledge of Sandblast by Vehumet.
  6948 | D:5      | Learned a level 2 spell: Repel Missiles
  6971 | D:5      | Noticed Blork the orc
  7024 | D:5      | Killed Blork the orc
  7919 | D:6      | Found Ghixapul's Book Shop.
  8345 | D:6      | Found a sparkling altar of Nemelex Xobeh.
  8367 | D:6      | Found a deep blue altar of Sif Muna.
  8463 | D:6      | Reached skill level 8 in Fire Magic
  8666 | D:7      | Noticed tabulaattori's ghost (experienced MiMo)
  8999 | D:7      | Noticed Pikel
  9316 | D:7      | Got a slimy scale mail
  9385 | D:7      | Killed tabulaattori's ghost
  9385 | D:7      | Reached skill level 9 in Fire Magic
  9385 | D:7      | Gained mutation: You have hoof-like feet. [demonic ancestry]
  9385 | D:7      | Reached XP level 9. HP: 48/57 MP: 12/24
  9499 | D:7      | Found a white marble altar of Elyvilon.
  9813 | D:7      | Killed Pikel
  9813 | D:7      | Reached skill level 10 in Fire Magic
 10032 | D:4      | Bought a +2 robe of the Archmagi for 414 gold pieces
 10556 | D:8      | Found Struv's Magic Scroll Shop.
 10582 | D:8      | Identified the +3 scale mail of the Eight of Wands {Str+3 SInv} (You found it on level 7 of the Dungeon)
 10752 | D:8      | Found a sand-covered staircase.
 10762 | Ossuary  | Entered an ossuary
 10782 | Ossuary  | Offered knowledge of Shock by Vehumet.
 10884 | Ossuary  | Reached skill level 5 in Conjurations
 11286 | Ossuary  | Offered knowledge of Dazzling Spray by Vehumet.
 11883 | D:8      | Gained mutation: You are immune to rotting. [demonic ancestry]
 11883 | D:8      | Reached XP level 10. HP: 63/63 MP: 18/25
 12094 | D:8      | Acquired Vehumet's second power
 12807 | D:9      | Noticed Grum
 13080 | D:9      | Offered knowledge of Inner Flame by Vehumet.
 13090 | D:9      | Learned a level 3 spell: Inner Flame
 13621 | D:9      | Noticed Psyche
 13662 | D:9      | Killed Psyche
 13728 | D:9      | Noticed Duvessa
 13758 | D:9      | Noticed Dowan
 13817 | D:9      | Killed Duvessa
 13817 | D:9      | Reached skill level 10 in Conjurations
 13840 | D:9      | Killed Dowan
 14268 | D:9      | Killed Grum
 14391 | D:10     | Entered Level 10 of the Dungeon
 14423 | D:10     | Acquired Vehumet's third power
 14524 | D:10     | Noticed a hill giant
 14620 | D:10     | Killed a hill giant
 14620 | D:10     | Reached XP level 11. HP: 22/68 MP: 10/26
 14930 | D:10     | Offered knowledge of Fireball by Vehumet.
 14946 | D:10     | Learned a level 5 spell: Fireball
 14978 | D:10     | Reached skill level 11 in Conjurations
 15558 | D:10     | Found a staircase to the Lair.
 15629 | D:10     | Found a burning altar of Makhleb.
 16364 | Lair:1   | Entered Level 1 of the Lair of Beasts
 16581 | Lair:1   | Identified a scroll of acquirement
 16583 | Lair:1   | Identified a +2 rod of clouds (9/9) (You acquired it on level 1 of the Lair of Beasts)
 16863 | Lair:1   | Got a pitted cutlass
 16864 | Lair:1   | Identified the cursed +1 cutlass "Dosteg" {elec, rN+ MR++} (You found it on level 1 of the Lair of Beasts)
 17031 | Lair:1   | Reached skill level 10 in Spellcasting
 17597 | Lair:2   | Reached XP level 12. HP: 74/74 MP: 3/30
 17859 | Lair:2   | Offered knowledge of Delayed Fireball by Vehumet.
 17868 | Lair:2   | Learned a level 7 spell: Delayed Fireball
 18663 | Lair:2   | Reached skill level 12 in Spellcasting
 18831 | Lair:3   | Noticed a four-headed hydra
 18834 | Lair:3   | Killed a four-headed hydra
 19068 | Lair:3   | Reached skill level 13 in Spellcasting
 19096 | Lair:3   | Found a staircase to the Snake Pit.
 19109 | Lair:3   | Learned a level 5 spell: Lee's Rapid Deconstruction
 19206 | Lair:3   | Reached skill level 1 in Earth Magic
 19413 | Lair:3   | Upgraded the game from 0.15-a0-2172-g9ff0d5b to 0.15-a0-2193-g309c75d
 19552 | Lair:3   | Found a staircase to the Swamp.
 19555 | Lair:3   | Offered knowledge of Lightning Bolt by Vehumet.
 19880 | Lair:3   | Reached skill level 1 in Fighting
 19880 | Lair:3   | Reached skill level 1 in Short Blades
 20181 | Lair:4   | Reached XP level 13. HP: 57/82 MP: 17/34
 20233 | Lair:4   | Found a frozen archway.
 20287 | IceCv    | Entered an ice cave
 20362 | IceCv    | Got a pitted greatsling
 20363 | IceCv    | Identified the +7 greatsling of Doom {venom, rF+} (You found it in an ice cave)
 20434 | IceCv    | Learned a level 4 spell: Control Teleport
 20438 | IceCv    | Got a smoking iron amulet
 20446 | IceCv    | Identified the amulet of the Dolphin {Faith Str+3 Int+3} (You found it in an ice cave)
 21244 | Lair:4   | Got a crude mace
 21246 | Lair:4   | Identified the +5 mace "Reraenn" {antimagic, rN+ MR+ Str-3} (You found it on level 4 of the Lair of Beasts)
 22436 | Lair:5   | Reached skill level 5 in Fighting
 22524 | Lair:5   | Offered knowledge of Bolt of Magma by Vehumet.
 22538 | Lair:5   | Reached skill level 5 in Dodging
 22558 | Lair:5   | Learned a level 5 spell: Bolt of Magma
 24362 | Lair:7   | Reached XP level 14. HP: 102/104 MP: 21/34
 24954 | Lair:8   | Entered Level 8 of the Lair of Beasts
 25051 | Lair:8   | Offered knowledge of Bolt of Fire by Vehumet.
 25061 | Lair:8   | Learned a level 6 spell: Bolt of Fire
 25501 | Lair:8   | Offered knowledge of Iron Shot by Vehumet.
 25583 | Lair:8   | Learned a level 6 spell: Iron Shot
 25658 | Lair:8   | Reached skill level 5 in Earth Magic
 26174 | Lair:8   | Offered knowledge of Conjure Ball Lightning by Vehumet.
 26341 | Lair:8   | Found a viscous altar of Jiyva.
 26341 | Lair:8   | Found a staircase to the Slime Pits.
 27096 | D:11     | Noticed Erica
 27098 | D:11     | Killed Erica
 27161 | D:11     | Got a twisted short sword
 27162 | D:11     | Identified the +5 short sword of Saltpetre {venom, *Rage Dex+3} (You found it on level 11 of the Dungeon)
 27273 | D:11     | Offered knowledge of Orb of Destruction by Vehumet.
 27289 | D:11     | Learned a level 7 spell: Orb of Destruction
 27333 | D:11     | Got a brightly glowing long sword
 27334 | D:11     | Identified the +2 long sword "Schesogod" {slice, rPois} (You found it on level 11 of the Dungeon)
 27392 | D:11     | Found a staircase to the Lair.
 27401 | D:11     | the staircase to the Lair was a mimic.
 28010 | D:11     | Gained mutation: When low on magic, you restore magic in place of health. [demonic ancestry]
 28010 | D:11     | Reached XP level 15. HP: 97/110 MP: 13/35
 28160 | D:12     | Gained mutation: You are frail (-10% HP). [potion of mutation]
 28160 | D:12     | Gained mutation: Your mind is acute. (Int +2) [potion of mutation]
 28160 | D:12     | Gained mutation: You are clumsy. (Dex -2) [potion of mutation]
 28161 | D:12     | Gained mutation: Your vision is a little blurry. [potion of mutation]
 28161 | D:12     | Lost mutation: You are clumsy. (Dex -2) [potion of mutation]
 28162 | D:12     | Lost mutation: Your vision is a little blurry. [potion of cure mutation]
 28162 | D:12     | Lost mutation: Your mind is acute. (Int +2) [potion of cure mutation]
 28162 | D:12     | Lost mutation: You are frail (-10% HP). [potion of cure mutation]
 28177 | D:12     | Found a gateway to a bazaar.
 28205 | D:12     | Found a staircase to the Orcish Mines.
 28766 | D:12     | Offered knowledge of Lehudib's Crystal Spear by Vehumet.
 28766 | D:12     | Offered knowledge of Fire Storm by Vehumet.
 28766 | D:12     | Offered knowledge of Shatter by Vehumet.
 28951 | Orc:1    | Entered Level 1 of the Orcish Mines
 29262 | Orc:2    | Noticed Snorg
 29268 | Orc:2    | Killed Snorg
 29296 | Orc:2    | Noticed Erolcha
 29297 | Orc:2    | Killed Erolcha
 29369 | Orc:2    | Found a dark tunnel.
 29413 | Volcano  | Entered a volcano
 29983 | Volcano  | Found a burning altar of Makhleb.
 30558 | Orc:1    | Reached skill level 14 in Spellcasting
 30872 | Orc:3    | Found a bloodstained altar of Trog.
 31069 | Orc:3    | Noticed Maurice
 31071 | Orc:3    | Killed Maurice
 31315 | Orc:4    | Entered Level 4 of the Orcish Mines
 31467 | Orc:4    | Found Gheapt's Weapon Shoppe.
 31467 | Orc:4    | Found Etuexups' Distillery.
 31664 | Orc:4    | Found a roughly hewn altar of Beogh.
 31672 | Orc:4    | Reached skill level 1 in Shields
 31709 | Orc:4    | Found Ograosk's Book Shoppe.
 31709 | Orc:4    | Found Thriyrop's Weapon Boutique.
 31927 | Orc:4    | Noticed vYxOr's ghost (powerful MiFi)
 32008 | Orc:4    | Found a roughly hewn altar of Beogh.
 32121 | Orc:4    | Found a staircase to the Elven Halls.
 32144 | Orc:4    | Killed vYxOr's ghost
 32547 | Elf:1    | Entered Level 1 of the Elven Halls
 32600 | Elf:1    | Found Fankoori's Assorted Antiques.
 32620 | Elf:1    | Bought a shiny copper wand for 124 gold pieces
 32620 | Elf:1    | Bought a faintly glowing iron ring for 155 gold pieces
 32623 | Elf:1    | Identified the ring "Nekaegh" {+Fly Dex+2 Int+2} (You bought it in a shop on level 1 of the Elven Halls)
 32648 | Elf:1    | Reached skill level 15 in Spellcasting
 33616 | Elf:2    | Found a shimmering altar of Xom.
 33665 | Elf:2    | Found Gra Clir's Food Shop.
 34016 | Elf:3    | Entered Level 3 of the Elven Halls
 34155 | Elf:3    | Reached XP level 16. HP: 105/117 MP: 25/37
 34650 | Elf:3    | Found a radiant altar of Vehumet.
 34753 | Elf:3    | Noticed a deep elf blademaster
 34756 | Elf:3    | Killed a deep elf blademaster
 34763 | Elf:3    | Noticed a Hell Sentinel
 34763 | Elf:3    | Noticed a deep elf blademaster
 34767 | Elf:3    | Noticed a deep elf master archer
 34767 | Elf:3    | Noticed a deep elf master archer
 34771 | Elf:3    | Noticed a Shadow Fiend
 34772 | Elf:3    | Noticed a Brimstone Fiend
 35479 | Swamp:1  | Entered Level 1 of the Swamp
 36027 | Swamp:1  | Noticed Kirke
 36112 | Swamp:1  | Slain by a harpy

Action                   |  1- 3 |  4- 6 |  7- 9 | 10-12 | 13-15 | 16-18 || total
-------------------------+-------+-------+-------+-------+-------+-------++-------
Melee: Club              |    17 |       |       |       |       |       ||    17
       Dagger            |    29 |       |       |       |       |       ||    29
       Spear             |    16 |   149 |   581 |   439 |       |       ||  1185
       Cutlass           |       |       |       |   177 |   373 |       ||   550
 Cast: Magic Dart        |    82 |   114 |   219 |   178 |    74 |       ||   667
       Call Imp          |     7 |     4 |    12 |     1 |       |       ||    24
       Conjure Flame     |     4 |     9 |    55 |    25 |     4 |       ||    97
       Mephitic Cloud    |       |     8 |    16 |    82 |    16 |       ||   122
       Repel Missiles    |       |       |     1 |     2 |       |     1 ||     4
       Fireball          |       |       |       |   134 |   263 |    17 ||   414
       Delayed Fireball  |       |       |       |     3 |     8 |     3 ||    14
       Inner Flame       |       |       |       |     2 |     1 |       ||     3
       Bolt of Magma     |       |       |       |       |   230 |     4 ||   234
       Bolt of Fire      |       |       |       |       |    25 |    12 ||    37
       Iron Shot         |       |       |       |       |    65 |    22 ||    87
       Control Teleport  |       |       |       |       |     2 |       ||     2
       Orb of Destructio |       |       |       |       |     7 |     8 ||    15
 Abil: Release Delayed F |       |       |       |     3 |     7 |     3 ||    13
Evoke: Wand              |     1 |       |       |     2 |     8 |     2 ||    13
       Rod               |       |       |       |     1 |       |       ||     1
  Use: Scroll            |    10 |     3 |    11 |    12 |    17 |     7 ||    60
       Potion            |       |     1 |       |       |     4 |     6 ||    11
 Stab: Distracted        |     1 |     1 |     1 |       |     1 |       ||     4
       Confused          |       |     2 |     4 |    19 |     3 |       ||    28
       Sleeping          |       |       |       |     1 |     1 |       ||     2
  Eat: Chunk             |     5 |     7 |     8 |    30 |    47 |     9 ||   106
       Royal jelly       |       |     1 |       |     1 |     4 |     2 ||     8
       Meat ration       |       |       |     1 |       |       |       ||     1
       Bread ration      |       |       |     2 |     1 |       |       ||     3
       Beef jerky        |       |       |     1 |     1 |     2 |       ||     4
       Pizza             |       |       |       |     1 |     1 |       ||     2
       Fruit             |       |       |       |       |     1 |       ||     1
